 Dungeon Crawl Stone Soup version 0.27-a0-1548-gf8a67e7463 (webtiles) character file.

Game seed: 10616844764830648800

835 Lemonice the Covert (level 7, 0/60 HPs)
             Began as a Gnoll Delver on July 14, 2021.
             Was an Initiate of Ru.
             Slain by Menkaure (13 damage)
             ... on level 5 of the Dungeon.
             The game lasted 00:08:22 (5327 turns).

Lemonice the Covert (Gnoll Delver)                  Turns: 5327, Time: 00:08:24

Health: 0/60       AC:  6    Str: 12    XL:     7   Next: 98%
Magic:  11/11      EV: 13    Int: 11    God:    Ru [......]
Gold:   232        SH:  0    Dex: 13    Spells: 11/11 levels left

rFire    . . .     SeeInvis +   n - +6 war axe "Hell-Harrower" {venom, +Blink rCorr SInv Stlth-}
rCold    . . .     Faith    .   (no shield)
rNeg     . . .     Spirit   .   b - +0 leather armour
rPois    .         Reflect  .   (no helmet)
rElec    .         Harm     .   C - +2 cloak
rCorr    +         Rampage  .   (no gloves)
Will     .....                  (no boots)
Stlth    +++.......             (no amulet)
HPRegen  0.20/turn              (no ring)
MPRegen  0.12/turn              (no ring)

@: no status effects
A: fangs 1, strong nose, distributed training
a: Renounce Religion, Evoke Blink


You were on level 5 of the Dungeon.
You worshipped Ru.
Ru was noncommittal.
You visited 2 branches of the dungeon, and saw 6 of its levels.

You collected 232 gold pieces.

Inventory:

Hand Weapons
 a - a +0 falchion
 n - the +6 war axe "Hell-Harrower" (weapon) {venom, +Blink rCorr SInv Stlth-}
   (You found it on level 4 of the Dungeon)

   It poisons the flesh of those it strikes.
   SInv:      It lets you see invisible.
   +Blink:    It lets you blink.
   rCorr:     It protects you from acid and corrosion.
   Stlth:     It makes you less stealthy.
Armour
 b - a +0 leather armour (worn)
 C - a +2 cloak (worn)
 D - a +0 helmet
Jewellery
 d - a ring of positive energy
 j - a ring of poison resistance
 q - a ring of positive energy
 r - a +6 ring of dexterity
 F - a ring of see invisible
Wands
 g - a wand of digging (3)
 m - a wand of paralysis (10)
 o - a wand of acid (10)
 G - a wand of iceblast (13)
Scrolls
 e - 2 scrolls of fear
 h - 3 scrolls of teleportation {unknown}
 i - a scroll of blinking {unknown}
 k - a scroll of noise {unknown}
 p - 4 scrolls of identify {unknown}
 w - 2 scrolls of enchant armour {unknown}
 x - a scroll of torment {unknown}
 y - a scroll of enchant weapon {unknown}
 z - a scroll of amnesia {unknown}
 B - a scroll of brand weapon {unknown}
 E - 2 scrolls of vulnerability {unknown}
Potions
 f - a potion of haste
 l - 2 potions of curing {unknown}
 s - a potion of brilliance {unknown}
 t - 2 potions of berserk rage {unknown}
 u - 2 potions of degeneration {unknown}
 v - 2 potions of lignification {unknown}
 A - a potion of magic {unknown}


   Skills:
 + Level 7.2 Fighting
 + Level 2.8 Short Blades
 + Level 5.4 Long Blades
 + Level 2.8 Axes
 + Level 2.8 Maces & Flails
 + Level 2.8 Polearms
 + Level 2.8 Staves
 + Level 2.8 Slings
 + Level 2.8 Bows
 + Level 2.8 Crossbows
 + Level 2.8 Throwing
 + Level 2.8 Armour
 + Level 5.4 Dodging
 + Level 10.0 Stealth
 + Level 2.8 Shields
 + Level 2.8 Unarmed Combat
 + Level 2.8 Spellcasting
 + Level 2.3 Conjurations
 + Level 2.3 Hexes
 + Level 2.3 Summonings
 + Level 2.3 Necromancy
 + Level 2.3 Translocations
 + Level 2.3 Transmutations
 + Level 2.3 Fire Magic
 + Level 2.3 Ice Magic
 + Level 2.3 Air Magic
 + Level 2.3 Earth Magic
 + Level 2.3 Poison Magic
 + Level 3.1 Invocations
 + Level 2.8 Evocations


You had 11 spell levels left.
You didn't know any spells.
Your spell library contained the following spells:

 Spells                   Type           Power      Damage    Failure   Level
 Poisonous Vapours        Pois/Air       12%        N/A       21%         2
 Mephitic Cloud           Conj/Pois/Air  6%         N/A       36%         3
 Freezing Cloud           Conj/Ice/Air   3%         6-21      98%         5


Dungeon Overview and Level Annotations

Branches:
Dungeon (5/15)             Temple (1/1) D:5

Altars:
Cheibriados
Elyvilon
Fedhas
Gozag
Hepliaklqana
Makhleb
Nemelex Xobeh
Okawaru
Qazlal
Ru
Sif Muna
Trog
Uskayaw
Vehumet
Wu Jian
Xom
Yredelemnul
The Shining One

Shops:
D:3 *

Annotations:
D:5 2 transporters, Menkaure; anet's ghost, weakling GnDe


Innate Abilities, Weirdness & Mutations

You have very sharp teeth.
Your uncanny sense of smell can sniff out nearby items.
Your experience applies equally to all skills.


Message History

r - Retreat! s - Stop attacking. g - Guard the area. f - Follow me.
Anything else - Cancel.
You bark for attention!
What are your orders? t - Bark!
Orders for allies: a - Attack new target. r - Retreat! s - Stop attacking. g - Guard the area. f - Follow me.
Anything else - Cancel.
You bark for attention!
What are your orders? t - Bark!
Orders for allies: a - Attack new target. r - Retreat! s - Stop attacking. g - Guard the area. f - Follow me.
Anything else - Cancel.
You bark for attention!
Anet's ghost shouts, "You will never get the ORB!"
Menkaure barely misses you.
You hit Menkaure.
Menkaure is lightly damaged.
Menkaure barely misses you.
You barely miss Menkaure.
Menkaure is lightly damaged.
Menkaure mumbles some strange words.
Menkaure seems to speed up.
You hit Menkaure.
Menkaure is moderately damaged.
Menkaure hits you!!
You hit Menkaure.
Menkaure is heavily damaged.
Menkaure hits you!! Menkaure misses you.
You hit Menkaure.
Menkaure is severely damaged.
Menkaure calls on the powers of darkness!
Your body is wracked with pain!
* * * LOW HITPOINT WARNING * * *
Menkaure hits you!
You die...

..## #.## #..##* ###.. .## #..#
###* ###.... ## ##.## ##...... #
#..# ###....... ##.##
###......... # ######...#####
###..#........
###<.....©.....#####..##.........
.....#########..##...###.........
....##8.[?$.8##.@M.### #####.....
....#.......WY#..### #####.
#...#.##..[##5#.## *#
....#.##...##Z#.#
.##.#....©....#.#
###.#.##...##.#.# #
#.#W##...##.#.# ##.#y5.!.....#.#
##..##8Y....8##.#


You could see an ice beast, Menkaure (fast), anet's ghost, a white imp and a
hound skeleton.

Vanquished Creatures
  Sigmund (D:4)
  Eustachio (D:5)
  2 necrophages (D:4)
  2 scorpions (D:5)
  A jelly (D:4)
  2 hounds
  A hound skeleton (D:4)
  Robin (D:2)
  5 adders
  A howler monkey skeleton (D:4)
  A worm (D:2)
  2 dart slugs
  An orc (D:5)
  7 endoplasms
  4 giant cockroaches
  14 goblins
  13 hobgoblins
  11 jackals
  4 quokkas
  8 ball pythons
  3 bats
  2 frilled lizards (D:1)
  3 kobolds (D:2)
  5 rats
95 creatures vanquished.

Notes
Turn   | Place    | Note
-------+----------+-------------------------------------------
     0 | D:5      | Reached skill level 9 in Stealth
     0 | D:5      | Lemonice the Gnoll Delver began the quest for the Orb.
     0 | D:5      | Reached XP level 1. HP: 23/23 MP: 1/1
    43 | D:5      | Found a staircase to the Ecumenical Temple.
    49 | Temple   | Entered the Ecumenical Temple
   229 | Temple   | Became a worshipper of Ru the Awakened
   332 | D:5      | Noticed anet's ghost (weakling GnDe)
   335 | D:5      | Noticed a killer bee
   436 | D:4      | Noticed a necrophage
   445 | D:3      | Reached XP level 2. HP: 25/29 MP: 2/2
   468 | D:3      | Found Gozag's Platinum Reserve.
   468 | D:3      | Found an opulent altar of Gozag.
   660 | D:4      | Reached skill level 1 in Invocations
   660 | D:4      | Reached XP level 3. HP: 25/35 MP: 2/4
   823 | D:4      | Reached skill level 1 in Short Blades
   823 | D:4      | Reached skill level 1 in Axes
   823 | D:4      | Reached skill level 1 in Maces & Flails
   823 | D:4      | Reached skill level 1 in Polearms
   823 | D:4      | Reached skill level 1 in Staves
   823 | D:4      | Reached skill level 1 in Slings
   823 | D:4      | Reached skill level 1 in Bows
   823 | D:4      | Reached skill level 1 in Crossbows
   823 | D:4      | Reached skill level 1 in Throwing
   823 | D:4      | Reached skill level 1 in Armour
   823 | D:4      | Reached skill level 1 in Shields
   823 | D:4      | Reached skill level 1 in Unarmed Combat
   823 | D:4      | Reached skill level 1 in Spellcasting
   823 | D:4      | Reached skill level 1 in Evocations
   827 | D:4      | Reached XP level 4. HP: 29/41 MP: 5/5
  1042 | D:4      | Identified the +6 war axe "Hell-Harrower" {venom, +Blink
                  | rCorr SInv Stlth-}
  1077 | D:4      | Reached skill level 1 in Conjurations
  1077 | D:4      | Reached skill level 1 in Hexes
  1077 | D:4      | Reached skill level 1 in Summonings
  1077 | D:4      | Reached skill level 1 in Necromancy
  1077 | D:4      | Reached skill level 1 in Translocations
  1077 | D:4      | Reached skill level 1 in Transmutations
  1077 | D:4      | Reached skill level 1 in Fire Magic
  1077 | D:4      | Reached skill level 1 in Ice Magic
  1077 | D:4      | Reached skill level 1 in Air Magic
  1077 | D:4      | Reached skill level 1 in Earth Magic
  1077 | D:4      | Reached skill level 1 in Poison Magic
  1159 | D:4      | Killed a necrophage
  1160 | D:4      | Reached XP level 5. HP: 17/47 MP: 5/7
  1978 | D:2      | Noticed Robin
  1984 | D:2      | Reached XP level 6. HP: 30/53 MP: 8/8
  1987 | D:2      | Killed Robin
  3288 | D:1      | Reached skill level 5 in Long Blades
  3288 | D:1      | Reached skill level 5 in Dodging
  3318 | D:1      | Found a faded altar of an unknown god.
  3693 | D:4      | Noticed a necrophage
  3699 | D:4      | Killed a necrophage
  3780 | D:4      | Noticed Sigmund
  3788 | D:4      | Killed Sigmund
  3789 | D:4      | Reached XP level 7. HP: 51/60 MP: 10/10
  4649 | D:5      | Found a transporter.
  4655 | D:5      | Found a transporter.
  4679 | D:5      | Noticed Eustachio
  4688 | D:5      | Killed Eustachio
  4689 | D:5      | Reached skill level 10 in Stealth
  5008 | D:5      | Noticed Menkaure
  5327 | D:5      | Slain by Menkaure

Illustrated notes

Levels and vault maps discovered:
D:1:      eino_arrival_cavern_e, layout_loops_ring,
          hellmonk_ecumenical_altar_leap_of_faith
D:2:      layout_basic, uniq_robin
D:3:      layout_rooms, nicolae_gozag_zags_fifth_avenue, minmay_splitting_lines,
          kennysheep_minor_cross, hangedman_decor_clover_reticule
D:4:      layout_basic, minmay_misc_feat_ornament, uniq_sigmund
D:5:      layout_cave_pods, minmay_temple_entry_tees, gammafunk_ghost_arena,
          minivault_19, uniq_menkaure, uniq_eustachio
Temple:   minmay_crystal_spiral_temple

Skill      XL: |  1  2  3  4  5  6  7 |
---------------+----------------------+-----
Stealth        | 10 | 10.0
Invocations    | 1 2 3 |  3.1
Short Blades   | 1 2 |  2.8
Axes           | 1 2 |  2.8
Maces & Flails | 1 2 |  2.8
Polearms       | 1 2 |  2.8
Staves         | 1 2 |  2.8
Slings         | 1 2 |  2.8
Bows           | 1 2 |  2.8
Crossbows      | 1 2 |  2.8
Throwing       | 1 2 |  2.8
Armour         | 1 2 |  2.8
Shields        | 1 2 |  2.8
Unarmed Combat | 1 2 |  2.8
Spellcasting   | 1 2 |  2.8
Evocations     | 1 2 |  2.8
Conjurations   | 1 2 |  2.3
Hexes          | 1 2 |  2.3
Summonings     | 1 2 |  2.3
Necromancy     | 1 2 |  2.3
Translocations | 1 2 |  2.3
Transmutations | 1 2 |  2.3
Fire Magic     | 1 2 |  2.3
Ice Magic      | 1 2 |  2.3
Air Magic      | 1 2 |  2.3
Earth Magic    | 1 2 |  2.3
Poison Magic   | 1 2 |  2.3
Long Blades    | 5 |  5.4
Dodging        | 5 |  5.4
Fighting       | 7 |  7.2

Action                   |  1- 3 |  4- 6 |  7- 9 || total
-------------------------+-------+-------+-------++-------
Melee: Falchion          |    47 |     4 |       ||    51
       Bite              |     7 |    10 |     1 ||    18
       War axe           |       |   124 |    21 ||   145
       Punch             |       |     2 |       ||     2
Invok: Reject Sacrifices |       |     1 |       ||     1
  Use: Scroll            |     1 |       |     1 ||     2
 Stab: Distracted        |     1 |     1 |       ||     2
       Sleeping          |     2 |    20 |     1 ||    23
Armor: Leather armour    |    11 |    21 |     2 ||    34
Dodge: Dodged            |    27 |    98 |    11 ||   136
       Rpst.: Falchion   |     9 |     1 |       ||    10

Table legend: (Time is in decaauts)
 A = Elapsed time spent in this place.
 B = Non-inter-level travel time spent in this place.
 C = Inter-level travel time spent in this place.
 D = Time resting spent in this place.
 E = Time spent auto-exploring this place.
 F = Levels seen in this place.
 G = Mean time per level.
                   A        B        C        D        E       F      G
               +--------+--------+--------+--------+--------+-----+--------+
         Total |   5394 |   5088 |    306 |      0 |   3940 |   6 |  899.0 |
       Dungeon |   5125 |   4881 |    244 |      0 |   3815 |   5 | 1025.0 |
        Temple |    268 |    206 |     62 |      0 |    125 |   1 |  268.0 |
               +--------+--------+--------+--------+--------+-----+--------+

Top non-repeatable levels by time:
     D:2: 1391 daAuts
     D:4: 1310 daAuts
     D:5: 1083 daAuts
     D:3: 680 daAuts
     D:1: 660 daAuts
  Temple: 268 daAuts
